 Dungeon Crawl Stone Soup version 0.31-a0-237-g2d982f9f85 (webtiles) character file.

Game seed: 8987891456483272087

2408 Ijustatesigmund the Stinger (level 9, -2/54 HPs)
             Began as an Octopode Venom Mage on July 11, 2023.
             Was a Follower of Vehumet.
             Slain by an ice beast (14 damage)
             ... on level 7 of the Dungeon.
             The game lasted 00:14:02 (7967 turns).

Ijustatesigmund the Stinger (Octopode Venom Mage)   Turns: 7967, Time: 00:14:02

Health: -2/54      AC:  5    Str:  8    XL:     9   Next: 47%
Magic:  18/18      EV: 13    Int: 21    God:    Vehumet [*.....]
Gold:   194        SH:  0    Dex: 12    Spells: 5/20 levels left

rFire   . . .        h - +2 whip (elec)
rCold   . . .        (no shield)
rNeg    . . .        (helmet restricted)
rPois   +            p - amulet of the acrobat
rElec   .            c - ring of poison resistance
rCorr   +            i - +4 ring of protection
SInv    .            d - ring of resist corrosion
Will    +....        f - ring of willpower
Stlth   +++          (no ring)
HPRegen 0.29/turn    (no ring)
MPRegen 0.16/turn    (no ring)
                     (no ring)

%: acrobat
@: hasted, very quick
A: almost no armour, amphibious, 8 rings, camouflage 1, gelatinous body 1,
(nimble swimmer 1), tentacles
a: Renounce Religion


You were on level 7 of the Dungeon.
You worshipped Vehumet.
Vehumet was aware of your devotion.
You visited 2 branches of the dungeon, and saw 8 of its levels.

You collected 254 gold pieces.
You spent 60 gold pieces at shops.

Inventory:

Hand Weapons
 h - a +2 whip of electrocution (weapon)
 o - a +3 whip
Missiles
 s - a silver javelin
Jewellery
 c - a ring of poison resistance (left tentacle)
 d - a ring of resist corrosion (on tentacle)
 f - a ring of willpower (on tentacle)
 i - a +4 ring of protection (right tentacle)
 p - an amulet of the acrobat (around mantle)
Scrolls
 b - a scroll of fog
 g - a scroll of revelation
 j - a scroll of torment
 n - a scroll of amnesia {unknown}
Potions
 a - 3 potions of magic
 e - a potion of lignification
 k - a potion of mutation {unknown}
 l - a potion of cancellation
 m - a potion of haste
 q - a potion of might
 r - a potion of enlightenment


   Skills:
 + Level 2.1 Fighting
 + Level 0.1 Maces & Flails
 - Level 2.0 Dodging
 - Level 2.6 Stealth
 + Level 6.4 Spellcasting
 + Level 6.0 Conjurations
 + Level 4.7 Transmutations
 - Level 4.2 Air Magic
 - Level 6.6 Poison Magic


You had 5 spell levels left.
You knew the following spells:

 Your Spells              Type           Power      Damage    Failure   Level
a - Sting                 Tmut/Pois      100%       1d8       1%          1
b - Poisonous Vapours     Pois/Air       58%        N/A       1%          2
c - Mephitic Cloud        Conj/Pois/Air  30%        N/A       2%          3
d - Olgreb's Toxic Radia  Pois           34%        N/A       6%          4
e - Irradiate             Conj/Tmut      14%        3d16      28%         5

Your spell library contained the following spells:

 Spells                   Type           Power      Damage    Failure   Level
 Freeze                   Ice            24%        1d4       10%         1
 Blade Hands              Tmut           13%        N/A       36%         5
 Dragon Form              Tmut           13%        N/A       100%        7


Dungeon Overview and Level Annotations

Branches:
Dungeon (7/15)             Temple (1/1) D:5

Altars:
Ashenzari
Dithmenos
Fedhas
Hepliaklqana
Kikubaaqudgha
Makhleb
Nemelex Xobeh
Okawaru
Qazlal
Ru
Sif Muna
Trog
Vehumet
Wu Jian
Xom
Yredelemnul

Shops:
D:2 ?[((:   D:5 *=(

Annotations:
D:5 2 runed translucent doors, Decritt's ghost, novice DEFE


Innate Abilities, Weirdness & Mutations

You cannot wear most types of armour.
You are amphibious.
You can wear up to eight rings at the same time.
Your skin changes colour to match your surroundings (Stealth+).
Your rubbery body absorbs attacks. (AC +1, EV +1)
((You are camouflaged when in or above water. (Stealth+)))
You have tentacles for arms and can constrict up to eight enemies at once.


Message History

Casting: Poisonous Vapours (safe; 1% risk of failure)
Confirm with . or Enter, or press ? or * to list all spells.
You can't see any susceptible monsters within range! (Use Z to cast anyway.)
Casting: Poisonous Vapours (safe; 1% risk of failure)
Confirm with . or Enter, or press ? or * to list all spells.
You can't see any susceptible monsters within range! (Use Z to cast anyway.)
Found 11 gold pieces.
The ice beast completely misses you.
You barely miss the ice beast. The ice beast closely misses you.
The ice beast completely misses you.
You hit the ice beast but do no damage. Your squeeze misses the ice beast.
The ice beast hits you. The ice beast freezes you!
You hit the ice beast but do no damage. You squeeze the ice beast.
The ice beast is lightly wounded.
The ice beast hits you. The ice beast freezes you!
You hit the ice beast.
The ice beast is lightly wounded.
The ice beast barely misses you.
You hit the ice beast. You squeeze the ice beast!
The ice beast is heavily wounded.
The ice beast barely misses you.
You hit the ice beast but do no damage. Your squeeze misses the ice beast.
The ice beast is heavily wounded.
The ice beast hits you. The ice beast freezes you!
* * * LOW HITPOINT WARNING * * *
You are too injured to fight recklessly!
You are too injured to fight recklessly!
You are too injured to fight recklessly!
You are too injured to fight recklessly!
You are too injured to fight recklessly!
You are too injured to fight recklessly!
You are too injured to fight recklessly!
You are too injured to fight recklessly!
You are too injured to fight recklessly!
You are too injured to fight recklessly!
You are too injured to fight recklessly!
You feel yourself speed up. The ice beast hits you.
* * * LOW HITPOINT WARNING * * *
The ice beast freezes you!
You die...

######### #.......#
#.......# #.......#
#.......#
######Y......#
.......@.....#
....$#.......# ...
#.......# .
#.......##########
#..###...........##
.....
+.............
#.#..#
#...........##
#.#..#
#############


You could see an ice beast.

Vanquished Creatures
  A troll (D:6)
  Sigmund (D:3)
  A water moccasin (D:7)
  An ice beast (D:5)
  2 black bears (D:6)
  An ogre (D:6)
  3 phantoms
  2 kobold brigands (D:6)
  A bullfrog (D:6)
  3 gnoll sergeants
  2 scorpions
  A howler monkey (D:4)
  6 hounds
  An orc priest (D:3)
  4 jellies
  2 iguanas (D:5)
  3 orc wizards (D:5)
  21 gnolls
  3 adders
  2 ufetubi
  A worm (D:3)
  A dart slug (D:1)
  13 orcs
  7 ball pythons
  3 endoplasms
  3 giant cockroaches
  6 goblins
  7 hobgoblins
  4 jackals (D:2)
  5 quokkas
  3 bats
  5 frilled lizards
  21 kobolds
  4 rats
144 creatures vanquished.

Notes
Turn   | Place    | Note
-------+----------+-------------------------------------------
     0 | D:1      | Ijustatesigmund the Octopode Venom Mage began the quest for
                  | the Orb.
     0 | D:1      | Reached XP level 1. HP: 11/11 MP: 3/3
   525 | D:1      | Reached XP level 2. HP: 16/17 MP: 3/5
   528 | D:2      | Found Acking's Antique Armour Emporium.
   536 | D:2      | Learned a level 2 spell: Poisonous Vapours
   550 | D:2      | Reached skill level 1 in Fighting
   628 | D:2      | Found Kurakk's Weapon Boutique.
   629 | D:2      | Found Jeargh's Antique Weapon Shop.
   668 | D:2      | Found Iluz's Book Shoppe.
   711 | D:1      | Reached XP level 3. HP: 21/23 MP: 0/6
  1135 | D:1      | Reached skill level 1 in Air Magic
  1539 | D:2      | Reached XP level 4. HP: 27/28 MP: 2/7
  1663 | D:2      | Found Xedois's Magic Scroll Shoppe.
  1758 | D:2      | Bought a scroll of noise for 12 gold pieces
  1758 | D:2      | Bought a scroll of identify for 24 gold pieces
  1758 | D:2      | Bought a scroll of identify for 24 gold pieces
  2388 | D:3      | Found a shadowy altar of Dithmenos.
  2420 | D:3      | Reached XP level 5. HP: 34/34 MP: 6/9
  2488 | D:3      | Learned a level 3 spell: Mephitic Cloud
  2602 | D:3      | Noticed Sigmund
  2610 | D:3      | Killed Sigmund
  2611 | D:3      | Reached skill level 1 in Conjurations
  2611 | D:3      | Reached skill level 5 in Poison Magic
  2611 | D:3      | Reached XP level 6. HP: 34/39 MP: 6/11
  2616 | D:3      | Learned a level 4 spell: Olgreb's Toxic Radiance
  2759 | D:3      | Found a sparkling altar of Nemelex Xobeh.
  3698 | D:4      | Found an ornate altar of the Wu Jian Council.
  3726 | D:4      | Reached XP level 7. HP: 45/45 MP: 6/12
  4132 | D:4      | Found a hazy altar of Hepliaklqana.
  4388 | D:4      | Found an iron altar of Okawaru.
  4452 | D:5      | Entered Level 5 of the Dungeon
  4633 | D:5      | Found a staircase to the Ecumenical Temple.
  4705 | Temple   | Entered the Ecumenical Temple
  4751 | Temple   | Became a worshipper of Vehumet
  4821 | D:5      | Found Itsiag's Assorted Antiques.
  4821 | D:5      | Found Joigh's General Store.
  4823 | D:5      | Found Uhuyt's Antique Weapon Shop.
  4855 | D:5      | Found Eresimao's Jewellery Shop.
  4875 | D:5      | Reached XP level 8. HP: 50/50 MP: 3/14
  5376 | D:5      | Learned a level 5 spell: Irradiate
  5846 | D:5      | Found a large runed translucent door.
  5846 | D:5      | Found a large runed translucent door.
  5850 | D:5      | Noticed Decritt's ghost (novice DEFE)
  5957 | D:6      | Reached skill level 5 in Spellcasting
  5994 | D:6      | Reached * piety under Vehumet
  5994 | D:6      | Offered knowledge of Freeze by Vehumet.
  6248 | D:6      | Found a bloodstained altar of Trog.
  6248 | D:6      | Found a stormy altar of Qazlal.
  6497 | D:6      | Reached skill level 5 in Conjurations
  6497 | D:6      | Reached XP level 9. HP: 52/54 MP: 11/17
  6658 | D:6      | Noticed a troll
  6715 | D:6      | Killed a troll
  7967 | D:7      | Slain by an ice beast

Illustrated notes

Levels and vault maps discovered:
D:1:      co_arrival_square_in_a_square_in_a_square, layout_rooms
D:2:      layout_rooms, serial_shops, shop, shop, nicolae_book_shop_shelving,
          shop, shop, st_stairs_5
D:3:      layout_basic, lemuel_tele_altar, grunt_dithmenos_smoke, uniq_sigmund
D:4:      minmay_general_purpose_star, layout_loops_cross,
          nicolae_wu_jian_wuxing_cycle, marbit_many_paths,
          nicolae_hepliaklqana_hippocampus
D:5:      layout_loops_ring, minmay_temple_entry_mist,
          ebering_ghost_disaster_area, minmay_shop_grid_forest, minivault_24
D:6:      layout_cave_pods, jmf_multi_god_temple
D:7:      layout_basic, dreamdust_divine_triumvirate, nicolae_underground_beach
Temple:   nicolae_temple_cloud_nine

Skill      XL: |  1  2  3  4  5  6  7  8  9 |
---------------+----------------------------+-----
Fighting       | 1 2 |  2.1
Poison Magic   | 4 5 6 |  6.6
Air Magic      | 1 2 3 4 |  4.2
Spellcasting   | 3 4 5 6 |  6.4
Conjurations   | 1 2 3 5 6 |  6.0
Transmutations | 3 4 |  4.7
Maces & Flails | |  0.1
Dodging        | |  2.0
Stealth        | |  2.6

Action                     |  1- 3 |  4- 6 |  7- 9 || total
---------------------------+-------+-------+-------++-------
  Melee: Unarmed           |    29 |       |       ||    29
         Constrict         |    15 |    16 |    17 ||    48
         Tentacles         |    12 |    18 |    37 ||    67
         Short sword       |    11 |       |       ||    11
         Whip              |    10 |    65 |   158 ||   233
  Throw: Javelin           |     1 |     2 |     3 ||     6
   Cast: Sting             |    12 |     2 |     5 ||    19
         Poisonous Vapours |    19 |    43 |    48 ||   110
         Olgreb's Toxic Ra |       |       |    15 ||    15
         Mephitic Cloud    |       |       |     3 ||     3
    Use: Potion            |     1 |       |     4 ||     5
         Scroll            |       |     9 |     5 ||    14
   Stab: Sleeping          |       |     1 |     1 ||     2
         Confused          |       |       |     1 ||     1
 Armour: Skin              |     5 |    16 |    33 ||    54
  Dodge: Dodged            |    43 |    56 |   122 ||   221

Table legend: (Time is in decaauts)
 A = Elapsed time spent in this place.
 B = Non-inter-level travel time spent in this place.
 C = Inter-level travel time spent in this place.
 D = Time resting spent in this place.
 E = Time spent auto-exploring this place.
 F = Levels seen in this place.
 G = Mean time per level.
                   A        B        C        D        E       F      G
               +--------+--------+--------+--------+--------+-----+--------+
         Total |   8013 |   7793 |    220 |   2580 |   4204 |   8 | 1001.6 |
       Dungeon |   7959 |   7747 |    212 |   2580 |   4163 |   7 | 1137.0 |
        Temple |     53 |     46 |      7 |      0 |     41 |   1 |   53.0 |
               +--------+--------+--------+--------+--------+-----+--------+

Top non-repeatable levels by time:
     D:6: 1686 daAuts
     D:5: 1421 daAuts
     D:4: 1353 daAuts
     D:1: 1249 daAuts
     D:3: 948 daAuts
     D:2: 909 daAuts
     D:7: 392 daAuts
  Temple: 53 daAuts
